 Dungeon Crawl Stone Soup version 0.27-a0-334-g52645efa06 (webtiles) character file.

Game seed: 373013135089134559

16 skwiii the Stinger (level 2, 0/24 HPs)
             Began as an Ogre Venom Mage on Feb 13, 2021.
             Slain by a goblin (2 damage)
             ... led by Robin
             ... on level 2 of the Dungeon.
             The game lasted 00:05:59 (1465 turns).

skwiii the Stinger (Ogre Venom Mage)                Turns: 1465, Time: 00:05:59

Health: 0/24       AC:  3    Str: 11    XL:     2   Next: 58%
Magic:  5/5        EV: 10    Int: 16    God:
Gold:   36         SH:  0    Dex:  9    Spells: 3/6 levels left

rFire    . . .     SeeInvis .   (no weapon)
rCold    . . .     Faith    .   (no shield)
rNeg     . . .     Spirit   .   a - +0 robe
rPois    .         Reflect  .   (helmet restricted)
rElec    .         Harm     .   (no cloak)
rCorr    .         Rampage  .   (gloves unavailable)
Will     .....                  (boots unavailable)
Stlth    +.........             (no amulet)
HPRegen  0.08/turn              (no ring)
MPRegen  0.09/turn              (no ring)

@: about to teleport
A: large, unfitting armour, tough skin 1
a: no special abilities


You were on level 2 of the Dungeon.
You visited 1 branch of the dungeon, and saw 2 of its levels.

You collected 36 gold pieces.

Inventory:

Hand Weapons
 g - a +0 mace
Missiles
 c - 2 throwing nets
Armour
 a - a +0 robe (worn)
Scrolls
 b - a scroll of enchant weapon {unknown}
 d - a scroll of fear {unknown}
 k - a scroll of identify {unknown}
 l - a scroll of magic mapping {unknown}
Potions
 e - a potion of flight {unknown}
 f - a potion of ambrosia {unknown}
 h - a potion of curing {unknown}
 j - a potion of haste {unknown}
 m - a potion of degeneration {unknown}
 n - a potion of magic {unknown}


   Skills:
 + Level 2.0 Dodging
 - Level 1.4 Stealth
 + Level 2.6 Spellcasting
 + Level 1.2 Transmutations
 + Level 0.1 Air Magic
 * Level 3.0 Poison Magic


You had 3 spell levels left.
You knew the following spells:

 Your Spells              Type           Power        Failure   Level
a - Sting                 Tmut/Pois      32%          9%          1
b - Poisonous Vapours     Pois/Air       14%          16%         2

Your spell library contained the following spells:

 Spells                   Type           Power        Failure   Level
 Ignite Poison            Fire/Tmut/Pois 6%           32%         3
 Mephitic Cloud           Conj/Pois/Air  5%           36%         3
 Olgreb's Toxic Radiance  Pois           12%          47%         4


Dungeon Overview and Level Annotations

Branches:
Dungeon (2/15)

Altars:

Annotations:
D:2 Robin


Innate Abilities, Weirdness & Mutations

You are too large for most types of armour.
You have tough skin. (AC +1)


Message History

[Y]es or [N]o only, please.
Really attack while wielding nothing?
Okay, then.
The goblin barely misses you. The goblin hits you. The hobgoblin hits you.
The goblin hits you with a +0 dagger.
A goblin comes into view. It is wielding a +0 dagger.
The goblin completely misses you. The goblin closely misses you.
The goblin hits you. Robin throws the goblin at you!
The goblin barely misses you. The goblin barely misses you.
Robin throws the goblin at you! The goblin hits you with a +0 dagger.
The goblin hits you but does no damage.
A goblin comes into view. It is wielding a +0 club.
The goblin hits you with a +0 dagger. x2
* * * LOW HITPOINT WARNING * * *
The goblin no longer looks unusually strong. x2
Robin roars a battlecry!
The goblins go into a battle-frenzy!
A goblin comes into view. It is wielding a +0 dagger.
The goblin hits you but does no damage.
The goblin no longer looks unusually strong. x2
The kobold throws a stone.
The stone hits you but does no damage.
The hobgoblin no longer looks unusually strong.
The goblin no longer looks unusually strong.
The goblin barely misses you. Robin throws the goblin at you!
Really attack while wielding nothing? [Y]es or [N]o only, please.
Really attack while wielding nothing? [Y]es or [N]o only, please.
Really attack while wielding nothing? [Y]es or [N]o only, please.
Really attack while wielding nothing?
Okay, then.
A quokka comes into view.
The goblin misses you. Robin throws the goblin at you!
* * * LOW HITPOINT WARNING * * *
The goblin hits you with a +0 club.
* * * LOW HITPOINT WARNING * * *
As you read the scroll of teleportation, it crumbles to dust.
You feel strangely unstable. The goblin hits you.
You die...

##..# .# # #...#.. .. .#
#####.#.#. .....
....#..... .....
........# ##...
........### ....
....##....###.#.# #####.
.......##.....#g##......
.....######..##g@..#.#
.....####....#gg#....#
....##.......gggg.####
....##.###.#...g###
.......$...#..gg.###
###................#
...........r.......# .
#.. .....#.......g## ..
.. .#..###.......##..g


You could see Robin, a quokka (wandering), 2 hobgoblins and 7 goblins.

Vanquished Creatures
  2 dart slugs
  A goblin (D:1)
  2 hobgoblins (D:1)
  2 kobolds (D:1)
  A frilled lizard (D:1)
  5 rats
13 creatures vanquished.

Notes
Turn   | Place    | Note
-------+----------+-------------------------------------------
     0 | D:1      | skwiii the Ogre Venom Mage began the quest for the Orb.
     0 | D:1      | Reached XP level 1. HP: 16/16 MP: 3/3
   104 | D:1      | Reached skill level 1 in Transmutations
   263 | D:1      | Reached XP level 2. HP: 22/24 MP: 2/5
   269 | D:1      | Learned a level 2 spell: Poisonous Vapours
   450 | D:1      | Reached skill level 3 in Poison Magic
  1447 | D:2      | Noticed Robin
  1465 | D:2      | Slain by a goblin

Illustrated notes

Levels and vault maps discovered:
D:1:      dpeg_arrival_round_b, layout_loops_ring, serial_park_tiny_pond
D:2:      layout_rooms, gammafunk_temple_overflow_claw,
          chequers_ecumenical_altar_island, uniq_robin

Skill      XL: |  1  2 |
---------------+-------+-----
Transmutations | 1 |  1.2
Dodging        | 2 |  2.0
Poison Magic   | 3 |  3.0
Stealth        | |  1.4
Spellcasting   | |  2.6
Air Magic      | |  0.1

Action                   || total
-------------------------++-------
 Cast: Sting             ||    23
       Poisonous Vapours ||     2
  Use: Scroll            ||     2
Armor: Robe              ||     7
Dodge: Dodged            ||    16

Table legend: (Time is in decaauts)
 A = Elapsed time spent in this place.
 B = Non-inter-level travel time spent in this place.
 C = Inter-level travel time spent in this place.
 D = Time resting spent in this place.
 E = Time spent auto-exploring this place.
 F = Levels seen in this place.
 G = Mean time per level.
                   A        B        C        D        E       F      G
               +--------+--------+--------+--------+--------+-----+--------+
         Total |   1467 |   1428 |     39 |    597 |    600 |   2 |  733.5 |
       Dungeon |   1467 |   1428 |     39 |    597 |    600 |   2 |  733.5 |
               +--------+--------+--------+--------+--------+-----+--------+

Top non-repeatable levels by time:
     D:1: 1333 daAuts
     D:2: 134 daAuts
